 Dungeon Crawl Stone Soup version 0.28.0 (webtiles) character file.

Game seed: 14062647930560245347

111 GrayStillPlays the Changer (level 4, -1/33 HPs)
             Began as a Merfolk Transmuter on Feb 7, 2022.
             Was a Follower of Uskayaw.
             Slain by Ijyb (4 damage)
             ... while paralysed by Ijyb
             ... on level 3 of the Dungeon.
             The game lasted 00:14:29 (4405 turns).

GrayStillPlays the Changer (Merfolk Transmuter)     Turns: 4405, Time: 00:14:29

Health: -1/33      AC:  3    Str: 10    XL:     4   Next: 92%
Magic:  16/16      EV:  2    Int: 14    God:    Uskayaw [*.....]
Gold:   90         SH:  0    Dex: 14    Spells: 3/7 levels left

rFire   . . .      SeeInvis .   c - +0 spear {polearm}
rCold   . . .      Faith    .   (no shield)
rNeg    . . .      Spirit   .   a - +0 robe
rPois   .          Reflect  .   s - +0 helmet
rElec   .          Harm     .   (no cloak)
rCorr   .          Rampage  .   (no gloves)
Will    .....                   (no boots)
Stlth   +.........              (no amulet)
HPRegen 0.11/turn               b - ring of flight
MPRegen 0.15/turn               p - ring of magical power

@: paralysed, flying
A: (nimble swimmer 2), mertail
a: Renounce Religion, Stomp


You were on level 3 of the Dungeon.
You worshipped Uskayaw.
Uskayaw was noncommittal.
You visited 1 branch of the dungeon, and saw 3 of its levels.

You collected 90 gold pieces.


Innate Abilities, Weirdness & Mutations

((You are very nimble when in or above water. (Stealth+, EV+, Speed+++)))
Your lower body shifts to a powerful aquatic tail in water.


   Skills:
 - Level 1.6 Fighting
 - Level 3.1 Dodging
 - Level 3.5 Unarmed Combat
 - Level 2.0 Spellcasting
 * Level 5.4 Transmutations
 + Level 1.4 Poison Magic


You had 3 spell levels left.
You knew the following spells:

 Your Spells              Type           Power      Damage    Failure   Level
a - Beastly Appendage     Tmut           32%        N/A       2%          1
b - Spider Form           Tmut/Pois      10%        N/A       19%         3

Your spell library contained the following spells:

 Spells                   Type           Power      Damage    Failure   Level
 Wereblood                Tmut           16%        N/A       4%          2
 Ignite Poison            Fire/Tmut/Pois 7%         N/A       28%         3
 Static Discharge         Conj/Air       1%         N/A       34%         2
 Conjure Flame            Conj/Fire      1%         6-21      56%         3
 Ice Form                 Ice/Tmut       8%         N/A       61%         4
 Animate Dead             Necr           0%         N/A       93%         4
 Sticky Flame             Conj/Fire      1%         2d3       93%         4
 Borgnjor's Vile Clutch   Necr/Erth      0%         N/A       100%        5
 Lightning Bolt           Conj/Air       0%         1d11      100%        5
 Summon Forest            Summ/Tloc      0%         N/A       100%        5
 Summon Mana Viper        Hex/Summ       1%         N/A       100%        5
 Death Channel            Necr           0%         N/A       100%        6
 Summon Cactus Giant      Summ           0%         N/A       100%        6
 Maxwell's Capacitive Co  Air            0%         ∞         100%        8

Inventory:

Hand Weapons
 c - a +0 spear (weapon) {polearm}
   (You found it on level 1 of the Dungeon)
Missiles
 d - 80 stones (quivered) {throwing}
 k - 4 javelins {throwing}
 m - 24 sling bullets
Armour
 a - a +0 robe (worn)
 q - a +0 scale mail
   (You found it on level 2 of the Dungeon)
 r - a +0 leather armour
   (You found it on level 3 of the Dungeon)
 s - a +0 helmet (worn)
   (You found it on level 3 of the Dungeon)
Magical Staves
 x - a staff of conjuration {!a@e2staff}
   (You found it on level 3 of the Dungeon)
Jewellery
 b - a ring of flight (left hand)
   (You found it on level 1 of the Dungeon)
 p - a ring of magical power (right hand)
   (You found it on level 2 of the Dungeon)
 y - a ring of positive energy
   (You found it on level 3 of the Dungeon)
Wands
 v - a wand of polymorph (5)
   (You found it on level 3 of the Dungeon)
Scrolls
 f - a scroll of enchant armour {unknown}
 g - 3 scrolls of blinking {unknown}
 i - 2 scrolls of identify {unknown}
 o - a scroll of noise {unknown}
 u - a scroll of enchant weapon {unknown}
Potions
 e - 2 potions of degeneration {unknown}
 h - a potion of ambrosia {unknown}
 j - a potion of might {unknown}
 l - 3 potions of attraction {unknown}
 n - 2 potions of heal wounds {unknown}
 w - a potion of cancellation {unknown}

Dungeon Overview and Level Annotations

Branches:
Dungeon (3/15)

Altars:
Uskayaw

Annotations:
D:3 Ijyb

#####....### #.#.##.# #.>..#
#...##'#### #....# #.........#
#....# #.........# #....#
#.#.......####### ### #....#
#.#>............# ..#####'####
#.#.............# ..#........#
#.#.............#
..#........###.#@......#######
.............#.#g##........^.#
..#..........#.#.###########.#
###..........#.#.# #.#
#..............#.# #.#
#.############.#.# #.# #.#
#.......#.# #.# #.#
#.#####.#.# #.# #†# #.# #.#.#
#.#


You could see Ijyb.


Message History

You hit the worm but do no damage. You hit the worm but do no damage.
The worm bites you! 😕 HP[-7]
You take 7 damage, and now have 26/33 hp.
MASSIVE DAMAGE!! (PAUSE)
You hit the worm but do no damage. You punch the worm, but do no damage.
The worm bites you but does no damage.
You hit the worm. You completely miss the worm. The worm bites you. 😮 HP[-3]
You take 3 damage, and now have 23/33 hp.
You hit the worm.
You kill the worm! 😮 HP[+1]
t - 2 poisoned darts {throwing} 😕 HP[+1]
You start resting. 😎 HP[+8]
Your hp is fully restored (33).
Ijyb the Twisted Goblin comes into view.
She is wielding a +0 dagger and carrying a wand of paralysis (9).
You see here a +0 dagger {short}.
You now have 90 gold pieces (gained 15).
d - 82 stones {throwing} (gained 15)
You see here a +0 leather armour.
There is a shaft here.
Ijyb shouts!
Ijyb zaps a wand.
You suddenly lose the ability to move!
You can move again.
You throw a poisoned dart {throwing}. The poisoned dart {throwing} hits Ijyb.
Ijyb is poisoned.
You throw a poisoned dart {throwing}.
The poisoned dart {throwing} closely misses Ijyb.
Ijyb zaps a wand.
You resist with some effort.
You throw a stone {throwing}.
The stone {throwing} closely misses Ijyb.
You throw a stone {throwing}.
The stone {throwing} hits Ijyb but does no damage.
Reach: c) +0 spear {polearm}
Press: ? - help, Dir - move target, f/p - Ijyb
Aim: Ijyb, wielding a +0 dagger, wearing a +0 ring mail and carrying a wand of paralysis (7) (lightly wounded, poisoned, about 43% to evade your +0 spear)
You reach to attack!
You hit Ijyb but do no damage. Ijyb closely misses you.
You barely miss Ijyb.
Ijyb looks more healthy.
Ijyb hits you with a +0 dagger. 😕 HP[-3]
You take 3 damage, and now have 30/33 hp.
You hit Ijyb but do no damage. Ijyb closely misses you.
You completely miss Ijyb. Ijyb hits you but does no damage.
You hit Ijyb but do no damage.
Ijyb hits you with a +0 dagger. 😕 HP[-1]
You take 1 damage, and now have 29/33 hp.
You barely miss Ijyb.
Ijyb screams, "You nasty!
Big nasty!"
Ijyb misses you.
You closely miss Ijyb.
Ijyb zaps a wand.
You resist with some effort.
You barely miss Ijyb.
Ijyb zaps a wand.
You suddenly lose the ability to move!
Ijyb hits you with a +0 dagger. Ijyb hits you with a +0 dagger.
Ijyb hits you but does no damage. Ijyb hits you with a +0 dagger. x2
* * * LOW HITPOINT WARNING * * *
Ijyb hits you with a +0 dagger.
* * * LOW HITPOINT WARNING * * *
You can move again. 😨 HP[-14]
You take 14 damage, and now have 15/33 hp.
MASSIVE DAMAGE!! (PAUSE) Ijyb zaps a wand.
You suddenly lose the ability to move!
Ijyb hits you with a +0 dagger.
* * * LOW HITPOINT WARNING * * *
Ijyb hits you but does no damage. Ijyb hits you with a +0 dagger.
* * * LOW HITPOINT WARNING * * *
Ijyb screams, "It's all mine!"
Ijyb zaps a wand.
You shrug off the repeated paralysis!
Ijyb zaps a wand.
You shrug off the repeated paralysis!
You can move again. 😨 HP[-3]
You take 3 damage, and now have 12/33 hp.
Ijyb screams, "I no like you!" 😨 HP[+1] Ijyb zaps a wand.
You resist with some effort.
Ijyb zaps a wand.
You suddenly lose the ability to move!
The now-empty wand crumbles to dust.
Ijyb hits you with a +0 dagger.
* * * LOW HITPOINT WARNING * * *
Ijyb hits you with a +0 dagger.
* * * LOW HITPOINT WARNING * * *
Ijyb hits you with a +0 dagger.
* * * LOW HITPOINT WARNING * * *
Ijyb hits you with a +0 dagger.
You die...

Skill      XL: |  1  2  3  4 |
---------------+-------------+-----
Transmutations | 3 4 5 |  5.4
Dodging        | 3 |  3.1
Poison Magic   | 1 |  1.4
Fighting       | |  1.6
Unarmed Combat | |  3.5
Spellcasting   | |  2.0

Action                   |  1- 3 |  4- 6 || total
-------------------------+-------+-------++-------
Melee: Unarmed           |    41 |       ||    41
       Headbutt          |    10 |       ||    10
       Punch             |     3 |     3 ||     6
       Spear             |    88 |   103 ||   191
Throw: Dart              |       |    22 ||    22
       Stone             |       |     4 ||     4
 Cast: Beastly Appendage |    17 |       ||    17
 Stab: Sleeping          |     1 |       ||     1
Armor: Robe              |    21 |     9 ||    30
       Scale mail        |       |    21 ||    21
Dodge: Dodged            |    91 |    51 ||   142

Levels and vault maps discovered:
D:1:      giann_horns, layout_basic, ebering_ecumenical_altar_petrified
D:2:      layout_basic, nicolae_concentric_dashed_squares_wild
D:3:      layout_basic, mainiacjoe_overflow_alcove_2, uniq_crazy_yiuf_cottage,
          uniq_ijyb, uniq_jessica

Notes
Turn   | Place    | Note
-------+----------+-------------------------------------------
     0 | D:1      | GrayStillPlays the Merfolk Transmuter began the quest for
                  | the Orb.
     0 | D:1      | Reached XP level 1. HP: 15/15 MP: 3/3
     0 | D:1      | magus.rc [v1.9.6]
   114 | D:1      | Reached skill level 3 in Transmutations
   330 | D:1      | Reached XP level 2. HP: 18/21 MP: 3/5
   411 | D:1      | Reached skill level 3 in Dodging
   574 | D:1      | You pick up a book of the Wilderness and begin reading...
   574 | D:1      | You add the spells Summon Forest, Summon Mana Viper and
                  | Summon Cactus Giant to your library.
  1110 | D:1      | Found a faded altar of an unknown god.
  1128 | D:1      | Reached XP level 3. HP: 18/26 MP: 4/6
  1409 | D:2      | You add the spells Conjure Flame, Ignite Poison and Sticky
                  | Flame to your library.
  1441 | D:2      | Reached skill level 4 in Transmutations
  1762 | D:2      | Learned a level 3 spell: Spider Form
  2101 | D:2      | Reached XP level 4. HP: 33/33 MP: 7/7
  2136 | D:2      | HP: 2/33 [worm (10)]
  2480 | D:2      | You pick up a book of Unlife and begin reading...
  2480 | D:2      | You add the spells Animate Dead, Borgnjor's Vile Clutch and
                  | Death Channel to your library.
  3053 | D:3      | Reached skill level 5 in Transmutations
  3053 | D:3      | Reached skill level 1 in Poison Magic
  3610 | D:3      | Found a hide-covered altar of Uskayaw.
  3813 | D:3      | Became a worshipper of Uskayaw the Reveller
  4001 | D:3      | Reached * piety under Uskayaw
  4040 | D:3      | You pick up a book of Lightning and begin reading...
  4040 | D:3      | You add the spells Static Discharge, Lightning Bolt and
                  | Maxwell's Capacitive Coupling to your library.
  4231 | D:3      | Noticed Ijyb
  4356 | D:3      | Paralysed by Ijyb for 3 turns
  4370 | D:3      | Paralysed by Ijyb for 7 turns
  4381 | D:3      | Paralysed by Ijyb for 7 turns
  4399 | D:3      | Paralysed by Ijyb for 7 turns
  4403 | D:3      | HP: 8/33 [Ijyb (3)]
  4404 | D:3      | HP: 3/33 [Ijyb (5)]
  4405 | D:3      | Slain by Ijyb

Vanquished Creatures
  5 adders
  3 worms
  3 dart slugs
  An orc (D:3)
  5 endoplasms
  A giant cockroach (D:1)
  5 goblins
  2 hobgoblins
  4 jackals (D:3)
  3 quokkas
  4 ball pythons
  7 bats
  5 kobolds
  3 rats
51 creatures vanquished.

Vanquished Creatures (others)
  A withered plant (D:1)
1 creature vanquished.

Grand Total: 52 creatures vanquished

Table legend:
 A = Non-vault XP
 B = Vault XP
 C = Vault XP percentage of total XP
 D = Non-vault monster count
 E = Vault monster count
 F = Vault count percentage of total count
                 A         B        C        D         E       F
            +---------+---------+-------+---------+---------+-------
      Total |     159 |       0 |   0.0 |      51 |       0 |   0.0
            +---------+---------+-------+---------+---------+-------
        D:1 |      39 |       0 |   0.0 |      22 |       0 |   0.0
        D:2 |      53 |       0 |   0.0 |      14 |       0 |   0.0
        D:3 |      67 |       0 |   0.0 |      15 |       0 |   0.0
            +---------+---------+-------+---------+---------+-------

Illustrated notes

Table legend:
 A = Kills in this place as a percentage of kills in entire the game.
 B = Kills by you in this place as a percentage of kills by you in the entire game.
 C = Kills by friends in this place as a percentage of kills by friends in the entire game.
 D = Other kills in this place as a percentage of other kills in the entire game.
 E = Experience gained in this place as a percentage of experience gained in the entire game.
 F = Experience gained in this place divided by the number of levels of this place that you have seen.
                   A       B       C       D       E      F
               +-------+-------+-------+-------+-------+----------------------
         Total | 100.0 | 100.0 |   N/A |   N/A | 100.0 |  53.0
       Dungeon | 100.0 | 100.0 |   N/A |   N/A | 100.0 |  53.0
               +-------+-------+-------+-------+-------+----------------------

Table legend: (Time is in decaauts)
 A = Elapsed time spent in this place.
 B = Non-inter-level travel time spent in this place.
 C = Inter-level travel time spent in this place.
 D = Time resting spent in this place.
 E = Time spent auto-exploring this place.
 F = Levels seen in this place.
 G = Mean time per level.
                   A        B        C        D        E       F      G
               +--------+--------+--------+--------+--------+-----+--------+
         Total |   4420 |   4259 |    161 |   1050 |   1787 |   3 | 1473.3 |
       Dungeon |   4420 |   4259 |    161 |   1050 |   1787 |   3 | 1473.3 |
               +--------+--------+--------+--------+--------+-----+--------+

Top non-repeatable levels by time:
     D:3: 1595 daAuts
     D:1: 1533 daAuts
     D:2: 1292 daAuts
